 Dungeon Crawl Stone Soup version 0.29.0-11-gd7f09526c8 (webtiles) character file.

Game seed: 10546801078772049944

32 sanka the Vexing (level 2, 0/24 HPs)
             Began as a Demigod Arcane Marksman on Sept 5, 2022.
             Slain by a jackal (2 damage)
             ... on level 2 of the Dungeon.
             The game lasted 00:01:30 (1381 turns).

sanka the Vexing (Demigod Arcane Marksman)          Turns: 1381, Time: 00:01:30

Health: 0/24       AC:  3    Str: 11    XL:     2   Next: 93%
Magic:  5/5        EV: 12    Int: 15    God:
Gold:   85         SH:  0    Dex: 14    Spells: 2/3 levels left

rFire   . . .      SeeInvis .   a - +1 sling
rCold   . . .      Faith    .   (no shield)
rNeg    . . .      Spirit   .   c - +0 robe
rPois   .          Reflect  .   (no helmet)
rElec   .          Harm     .   (no cloak)
rCorr   .          Rampage  .   g - +0 pair of gloves
Will    .....                   (no boots)
Stlth   +.........              (no amulet)
HPRegen 0.08/turn               (no ring)
MPRegen 0.09/turn               (no ring)

@: no status effects
A: high MP 1, forlorn, divine attributes
a: no special abilities


You were on level 2 of the Dungeon.
You visited 1 branch of the dungeon, and saw 2 of its levels.

You collected 85 gold pieces.


Innate Abilities, Weirdness & Mutations

You have an increased reservoir of magic. (+10% MP)
You shall have no god before yourself.
Your divine heritage dramatically boosts your attributes as you level up.


   Skills:
 + Level 2.2 Fighting
 - Level 2.0 Ranged Weapons
 - Level 2.0 Dodging
 - Level 1.0 Spellcasting
 - Level 3.0 Hexes


You had 2 spell levels left.
You knew the following spells:

 Your Spells              Type           Power      Damage    Failure   Level
z - Slow                  Hex            36%        N/A       7%          1

Your spell library contained the following spells:

 Spells                   Type           Power      Damage    Failure   Level
 Inner Flame              Hex/Fire       5%         N/A       36%         3
 Portal Projectile        Hex/Tloc       10%        N/A       36%         3
 Cause Fear               Hex            4%         N/A       56%         4

Inventory:

Hand Weapons
 a - a +1 sling (weapon)
 n - a +3 dagger
Armour
 c - a +0 robe (worn)
 g - a +0 pair of gloves (worn)
Scrolls
 b - a scroll of poison {!r}
Potions
 d - a potion of heal wounds {unknown}
 h - 3 potions of curing {@q1}
 i - a potion of might {unknown}
 j - a potion of lignification {unknown}
 k - a potion of brilliance {unknown}
 l - a potion of haste {unknown}
 m - 2 potions of degeneration {unknown}

Dungeon Overview and Level Annotations

Branches:
Dungeon (2/15)

▒▒▒▒
▒.>
▒h▒
▒p▒


▒hhh▒ ▒▒▒.▒ .▒ ▒ You could see 4 jackals.


Message History

The jackal closely misses you. The jackal barely misses you.
The jackal closely misses you.
You shoot a sling bullet.
The sling bullet barely misses the jackal.
The jackal bites you but does no damage.
The jackal bites you but does no damage.
The jackal bites you.
* * * LOW HITPOINT WARNING * * *
The jackal barely misses you.
As you read the scroll labelled BYXAUQ YSMILUI, it crumbles to dust.
You hear a loud clanging noise!
It was a scroll of noise.
You hear a shout!
You hear a shout!
The jackal bites you.
* * * LOW HITPOINT WARNING * * *
The jackal bites you but does no damage.
The jackal barely misses you. The jackal misses you.
The jackal barely misses you.
Unknown command.
Unknown command.
As you read the scroll labelled JUTIEKK BEMU, it crumbles to dust.
It is a scroll of identify.
h - 3 potions of curing The jackal misses you.
The jackal bites you but does no damage.
The jackal bites you.
You die...

Action                   || total
-------------------------++-------
 Fire: Sling             ||    97
  Use: Scroll            ||     2
Armor: Robe              ||    17
Dodge: Dodged            ||    91

Levels and vault maps discovered:
D:1:      dpeg_arrival_circle_labyrinth_a, layout_basic,
          chequers_serial_rivers_marsh, minmay_strange_pillars
D:2:      layout_loops_cross, serial_aquarium, aquarium_bridge_long_joined
          [aquarium_subvault_window, aquarium_subvault_window,
          aquarium_subvault_bridge, aquarium_subvault_window,
          aquarium_subvault_bridge, aquarium_subvault_balcony],
          aquarium_bridge_square [aquarium_subvault_window,
          aquarium_subvault_wall, aquarium_subvault_bridge,
          aquarium_subvault_bridge], aquarium_window_corner,
          aquarium_window_corridor_1, aquarium_view_2a, aquarium_view_2a,
          aquarium_pool_2, uniq_robin

Notes
Turn   | Place    | Note
-------+----------+-------------------------------------------
     0 | D:1      | sanka the Demigod Arcane Marksman began the quest for the
                  | Orb.
     0 | D:1      | Reached XP level 1. HP: 15/15 MP: 4/4
    82 | D:1      | Reached skill level 2 in Ranged Weapons
   107 | D:1      | Reached skill level 3 in Hexes
   107 | D:1      | Reached skill level 1 in Fighting
   122 | D:1      | Reached skill level 2 in Dodging
   122 | D:1      | Reached XP level 2. HP: 9/23 MP: 5/5
   793 | D:1      | Reached skill level 2 in Fighting
  1380 | D:2      | HP: 2/24 [jackal (1)]
  1381 | D:2      | Slain by a jackal

Vanquished Creatures
  A dart slug (D:1)
  2 ball pythons (D:1)
  2 bats (D:1)
  2 endoplasms (D:1)
  A giant cockroach (D:1)
  6 goblins (D:1)
  A hobgoblin (D:1)
  4 jackals (D:1)
  2 kobolds (D:1)
  A frilled lizard (D:1)
  4 rats (D:1)
26 creatures vanquished.
